[Event "***Titled Tuesday 3|2 Blitz"]
[Site "Chess.com"]
[Date "2017.02.07"]
[Round "8"]
[White "Angry_Serb"]
[Black "plouarzel"]
[Result "1-0"]
[WhiteElo "2422"]
[BlackElo "2390"]
[TimeControl "180+2"]
[EndTime "14:57:00 PST"]
[Termination "Angry_Serb won by checkmate"]

1. d4 d6 2. e4 Nf6 3. Nc3 e5 4.
Nf3 Nbd7 5. Be2 Be7 6. g4 g6 7. g5 Nh5 8. Rg1 c6 9. Be3 b5 10. a3 a5 11. d5 cxd5 12. Qxd5 Rb8 13. Nxb5 O-O 14. O-O-O Bb7 15. Qd3 Ba6 16. a4 Nb6 17.
b3 d5 18. exd5 Ba3+ 19. Kb1 Bxb5 20. Qxb5 Qc7 21. d6 Qc3 22. Qxe5 Nxa4 23. Bd4 Rxb3+ 24. cxb3 Qxb3+ 25. Ka1 f6 26. gxf6 Nxf6 27. Rb1 Qc2 28. Bd1 Qc4 29. Bb3 Qxb3 30. Rxb3 Bb2+ 31. Bxb2 Nxb2 32.
Rxb2 a4 33. Qe6+ Kg7 34. Rb7+ Kh6 35. Qh3+ Nh5 36. Ne5 Rxf2 37. Ng4+ Kg5 38. Nxf2+ Kh6 39. Qe3+ g5 40. Qxg5# 1-0

[Event "***Titled Tuesday 3|2 Blitz"]
[Site "Chess.com"]
[Date "2017.02.07"]
[Round "8"]
[White "jb2mix"]
[Black "oggy1984"]
[Result "1-0"]
[WhiteElo "2396"]
[BlackElo "2282"]
[TimeControl "180+2"]
[EndTime "14:57:05 PST"]
[Termination "jb2mix won by resignation"]

1. d4 Nf6 2. c4 e6 3. Nf3 b6 4. g3 Ba6 5. Qc2 Bb4+ 6. Nbd2 O-O 7. Bg2 Bb7 8. O-O d5 9. b3 c6 10. Bb2 Nbd7 11. e4 Rc8 12. a3 Be7 13. Rfe1 h6 14. Rad1 Re8 15. Qb1 a6 16. Ne5 Nxe5 17.
dxe5 Nh7 18. exd5 cxd5 19. Nf1 Rc7 20. cxd5 Bxd5 21. Ne3 Rd7 22. Nxd5 exd5 23. e6 fxe6 24. Rxe6 Nf8 25. Re5 d4 26. Bc6 Qc7 27. Qe4 Red8 28. Bxd7 Rxd7 29. Rxd4 Rxd4 30. Bxd4 Bf6 31. Qd5+ Kh7 32.
Re1 Bxd4 33. Qxd4 Ng6 34. Qe4 Qc3 35. h4 h5 36. Re3 Qc1+ 37. Kg2 Kh6 38. Qd5 Qd1 39.
Qxd1 1-0

[Event "***Titled Tuesday 3|2 Blitz"]
[Site "Chess.com"]
[Date "2017.02.07"]
[Round "8"]
[White "kpio91"]
[Black "johnathan113"]
[Result "1-0"]
[WhiteElo "2545"]
[BlackElo "2349"]
[TimeControl "180+2"]
[EndTime "14:57:07 PST"]
[Termination "kpio91 won by checkmate"]

1. e4 g6 2. d4 Nf6 3. e5 Nh5 4.
Nf3 d6 5. exd6 exd6 6. Bg5 Be7 7.
Bh6 Bf6 8. Be2 Ng7 9. h4 Nf5 10.
Bg5 h6 11. Bxf6 Qxf6 12. Nc3 Nc6 13. Nd5 Qd8 14. Qd2 Nce7 15. Nf6+ Kf8 16. O-O-O d5 17. g4 Nd6 18. Bd3 Ne4 19. Bxe4 dxe4 20. Ne5 Nc6 21.
g5 Bf5 22. Qc3 Ne7 23. d5 Qd6 24. Kb1 Rd8 25. Nc4 Qa6 26. d6 cxd6 27. Nxe4 Rh7 28.
Ncxd6 Bxe4 29. Nxe4 Rc8 30. Qb4 Qc6 31. Nf6 Qxc2+ 32. Ka1 Rh8 33. Rhe1 Rc7 34. a3 Kg7 35. Qd4 Rhc8 36. Nh5+ Kf8 37. Qg7+ Ke8 38. Nf6# 1-0

[Event "***Titled Tuesday 3|2 Blitz"]
[Site "Chess.com"]
[Date "2017.02.07"]
[Round "8"]
[White "AkshatChandra"]
[Black "VMikhalevski"]
[Result "0-1"]
[WhiteElo "2630"]
[BlackElo "2545"]
[TimeControl "180+2"]
[EndTime "14:57:09 PST"]
[Termination "VMikhalevski won on time"]

1. d4 Nf6 2. c4 g6 3. g3 c5 4. Nf3 Bg7 5. Nc3 O-O 6. d5 e6 7.
Bg2 exd5 8. cxd5 d6 9. O-O Re8 10. Re1 Na6 11. Nd2 Nc7 12. e4 Nd7 13. Nc4 Ne5 14.
Nxe5 Bxe5 15. a4 Rb8 16. Be3 b5 17. axb5 Nxb5 18. Nxb5 Rxb5 19. Rxa7 Rxb2 20. Qa4 Re7 21. Ra8 Reb7 22. h4 h5 23. Bg5 f6 24. Be3 Rb8 25. Bf1 Bg4 26. Rxb8 Qxb8 27. Qc6 Rb6 28. Qa4 Bf3 29.
Bh3 Rb1 30. Be6+ Kh8 31. Qa5 c4 32. Kh2 Rxe1 33. Qxe1 c3 34. Bc1 Qb6 35. Be3 Qb2 36. Qf1 Qb3 37. Qa6 Qb8 38. Qc6 Bxe4 0-1

[Event "***Titled Tuesday 3|2 Blitz"]
[Site "Chess.com"]
[Date "2017.02.07"]
[Round "8"]
[White "Janosik"]
[Black "wonderfultime"]
[Result "1-0"]
[WhiteElo "2625"]
[BlackElo "2634"]
[TimeControl "180+2"]
[EndTime "14:57:10 PST"]
[Termination "Janosik won by resignation"]

1. d4 d5 2. c4 c6 3. Nc3 Nf6 4.
e3 a6 5. Qc2 b5 6. b3 g6 7. Bd3 Bg7 8. Nf3 O-O 9. O-O Bg4 10.
Ne5 Be6 11. Ba3 Nfd7 12. Nxd7 Nxd7 13. Rac1 dxc4 14. bxc4 Nb6 15. cxb5 cxb5 16. Bc5 Rc8 17. a4 Nd7 18. Ba3 Qa5 19. Qb2 bxa4 20. Bxe7 Rb8 21. Qa1 Rfe8 22. Bd6 Rb3 23. Be2 Nb6 24. Bd1 Rb5 25.
Bc7 Bc4 26. Be2 Bxe2 27. Nxe2 Qb4 28. Nc3 Rh5 29. Rb1 Qc4 30. Bxb6 Bf8 31. Rbc1 Bd6 32. g3 Qe6 33. Qa2 Qh3 34. f4 Rxe3 35. Qg2 Qe6 36.
d5 Qe7 37. Bxe3 Qxe3+ 38. Kh1 a3 39. Ne4 Be7 40. d6 Bxd6 41. Nf6+ 1-0

[Event "***Titled Tuesday 3|2 Blitz"]
[Site "Chess.com"]
[Date "2017.02.07"]
[Round "8"]
[White "MumLookatMeNow"]
[Black "popov_m"]
[Result "0-1"]
[WhiteElo "2252"]
[BlackElo "2350"]
[TimeControl "180+2"]
[EndTime "14:57:11 PST"]
[Termination "popov_m won by resignation"]

1. e4 e6 2. d4 d5 3. Nc3 Bb4 4.
e5 Ne7 5. a3 Bxc3+ 6. bxc3 c5 7.
Qg4 Qc7 8. Bd3 cxd4 9. Ne2 dxc3 10. Qxg7 Rg8 11. Qxh7 Qxe5 12. Bf4 Qf6 13. h4 Nbc6 14. Bg5 Qh8 15. Qxh8 Rxh8 16. Bf6 Rf8 17. h5 e5 18. Bh7 Bf5 19. Bxf5 Nxf5 20. h6 Nxh6 21. Rxh6 Kd7 22. Nxc3 d4 23. Ne4 Rg8 24. Ng5 Rg6 25.
Rxg6 fxg6 26. Kd2 Rf8 27. Ne4 Ke6 28. Bg5 Kd5 29. f3 a6 30. Rb1 b5 31. Rh1 Na5 32.
Rh7 Nc4+ 33. Kd3 Nb2+ 34. Ke2 Rc8 35. Rd7+ Ke6 36. Re7+ Kd5 37. Nf6+ Kd6 38. Ne8+ Kd5 39. Rc7 Rxe8 40. c3 Nc4 41. Rd7+ Kc6 42. Rg7 Nxa3 43. Rxg6+ Kd5 44. Rxa6 Nc4 45. cxd4 exd4+ 46. Kd3 Rg8 47. f4 Re8 48. f5 Rg8 49. Rg6 Ne5+ 0-1

[Event "***Titled Tuesday 3|2 Blitz"]
[Site "Chess.com"]
[Date "2017.02.07"]
[Round "8"]
[White "hansen"]
[Black "GrigorGrigorov"]
[Result "1-0"]
[WhiteElo "2641"]
[BlackElo "2497"]
[TimeControl "180+2"]
[EndTime "14:57:13 PST"]
[Termination "hansen won on time"]

1. e4 g6 2. d4 Bg7 3. Nc3 c6 4. f4 d5 5. e5 Nh6 6. Nf3 f6 7. Be3 Bg4 8. h3 Bxf3 9. Qxf3 O-O 10. Qe2 Nf5 11. Bf2 fxe5 12. fxe5 e6 13. g4 Nh4 14.
O-O-O c5 15. dxc5 Nc6 16. Bg3 Nxe5 17. Kb1 Qg5 18. Nb5 Rf3 19. Bxh4 Qxh4 20. Nd4 Rf2 21. Qb5 Qe7 22. g5 Rc8 23. Nb3 b6 24. Qa6 Rc7 25.
Bb5 bxc5 26. Rhf1 Rf5 27. h4 Nf3 28. Rh1 c4 29. Nd2 Nxd2+ 30. Rxd2 Qb4 31. c3 Bxc3 32. Re2 Be5 33. Qxe6+ Rcf7 34. Be8 Bg7 35. Bxf7+ Rxf7 36. Rf1 Qf8 37. Qxd5 1-0

[Event "***Titled Tuesday 3|2 Blitz"]
[Site "Chess.com"]
[Date "2017.02.07"]
[Round "8"]
[White "ER404"]
[Black "Shivagami"]
[Result "1-0"]
[WhiteElo "2166"]
[BlackElo "1976"]
[TimeControl "180+2"]
[EndTime "14:57:18 PST"]
[Termination "ER404 won by checkmate"]

1. e4 e5 2. Nf3 Nc6 3. Bc4 Nf6 4.
d3 Be7 5. O-O O-O 6. Re1 d6 7. a4 Na5 8. Ba2 c5 9. c3 Be6 10. Bxe6 fxe6 11. Na3 Nc6 12. Nc4 Nd7 13. Bd2 Qe8 14. Qb3 b6 15. a5 Rb8 16. axb6 axb6 17.
Qb5 Qc8 18. Ra6 Qc7 19. Rea1 d5 20. Ne3 Qd6 21. exd5 exd5 22. Qb3 Nf6 23. Rxb6 Rxb6 24. Qxb6 Rb8 25. Qa6 Rxb2 26. Nf5 Qd7 27. Nxe7+ Nxe7 28. Nxe5 Qc7 29. Qe6+ Kh8 30. Nf7+ Kg8 31. Nh6+ Kh8 32. Nf7+ Kg8 33. Ng5+ Kh8 34. Ra8+ Rb8 35. Nf7+ Kg8 36.
Nd6+ Kh8 37. Rxb8+ Qxb8 38. h3 Neg8 39. Nf7# 1-0

[Event "***Titled Tuesday 3|2 Blitz"]
[Site "Chess.com"]
[Date "2017.02.07"]
[Round "8"]
[White "Bad4life"]
[Black "Generalas"]
[Result "1-0"]
[WhiteElo "2295"]
[BlackElo "2183"]
[TimeControl "180+2"]
[EndTime "14:57:28 PST"]
[Termination "Bad4life won by resignation"]

1. e4 e5 2. Nf3 Nc6 3. Bb5 a6 4.
Ba4 Nf6 5. O-O Be7 6. d3 b5 7. Bb3 O-O 8. Nc3 d6 9. a3 Be6 10. Nd5 Nd4 11. Nxd4 exd4 12. f4 Nxd5 13. exd5 Bd7 14. f5 Bg5 15. Qg4 h6 16. Qxd4 Qf6 17.
Qxf6 Bxf6 18. c3 Rfe8 19. Bf4 Bxf5 20. Bxd6 Bxd3 21. Bxc7 Bxf1 22. Rxf1 Re2 23. Rf2 Re1+ 24. Rf1 Re2 25. d6 Rd2 26. Rf2 Rxf2 27. Kxf2 Bd8 28. Bd5 Rc8 29. Bb7 Bxc7 30. Bxc8 Bxd6 31. Bxa6 Bf4 32. b3 Bc1 33. Bxb5 Bxa3 34. Kf3 Kf8 35. Ke4 Ke7 36. Kd5 Kd8 37. Kc6 Bb2 38. c4 Be5 39.
h3 Bc3 40. c5 Bd2 41. Kb7 Ba5 42. Bd3 Bb4 43. c6 Bd6 44. b4 1-0

[Event "***Titled Tuesday 3|2 Blitz"]
[Site "Chess.com"]
[Date "2017.02.07"]
[Round "8"]
[White "GeorgMeier"]
[Black "GMHess"]
[Result "1-0"]
[WhiteElo "2677"]
[BlackElo "2587"]
[TimeControl "180+2"]
[EndTime "14:57:32 PST"]
[Termination "GeorgMeier won by checkmate"]

1. Nf3 d5 2. g3 Nf6 3. Bg2 c6 4.
O-O h6 5. c4 dxc4 6. Na3 Be6 7.
b3 cxb3 8. axb3 Na6 9. Bb2 Nc5 10. Nc4 Bd5 11. d3 e6 12. Qc2 Be7 13. Rfd1 O-O 14. e4 Bxc4 15. bxc4 a5 16. e5 Nfd7 17. d4 Na6 18.
Qe4 Nb4 19. Ne1 Nb6 20. Rac1 Na4 21. Ba1 Qd7 22. Nd3 Nxd3 23. Rxd3 Rfd8 24. Rcd1 Rac8 25. Qg4 b5 26. c5 f5 27. exf6 Bxf6 28. Be4 Qf7 29. Bg6 Qd7 30. Be4 Qf7 31. Qf3 Qd7 32. h4 b4 33. Qg4 Nc3 34. Bxc3 bxc3 35. Rxc3 e5 36. Bf5 Qxd4 37. Rxd4 exd4 38. Ra3 Rb8 39.
Qg6 Rb5 40. Be6+ Kh8 41. Rf3 Rf8 42. Bf5 Kg8 43. g4 Rxc5 44. g5 hxg5 45. Be6+ Kh8 46. Qh5# 1-0

[Event "***Titled Tuesday 3|2 Blitz"]
[Site "Chess.com"]
[Date "2017.02.07"]
[Round "8"]
[White "Sebastian"]
[Black "SergeiAza"]
[Result "0-1"]
[WhiteElo "2659"]
[BlackElo "2525"]
[TimeControl "180+2"]
[EndTime "14:57:32 PST"]
[Termination "SergeiAza won by checkmate"]

1. e4 e5 2. Nf3 Nc6 3. d4 exd4 4.
Nxd4 Bc5 5. Nb3 Bb6 6. Nc3 Nf6 7. Bg5 h6 8. Bh4 O-O 9. Qe2 Nd4 10. Qd2 Nxb3 11.
axb3 Nxe4 12. Qf4 Qe8 13. O-O-O Nxc3 14. bxc3 d6 15. Bd3 Qe5 16. Qf3 Kh8 17. Kb2 Ba5 18.
Bc4 Be6 19. Rhe1 Qc5 20. Re4 d5 21. Re5 c6 22. Bf6 Bd8 23. Bxg7+ Kxg7 24. Qg3+ Kf6 25.
Rde1 Ke7 26. Qg7 Kd7 27. Rxe6 dxc4 28. b4 Qg5 29. Qxf8 fxe6 30. Rd1+ Kc8 31. f4 Qe7 32. Qxh6 a5 33. b5 cxb5 34. Qh5 b4 35. f5 bxc3+ 36. Ka2 Ra6 37. fxe6 Rb6 38. Rxd8+ Kxd8 39. Qh8+ Kc7 40.
Qe5+ Qd6 41. Qxc3 Qb4 42. Qe5+ Kc6 43. e7 Qa4# 0-1

[Event "***Titled Tuesday 3|2 Blitz"]
[Site "Chess.com"]
[Date "2017.02.07"]
[Round "8"]
[White "Aguiar94"]
[Black "BilodeauA"]
[Result "0-1"]
[WhiteElo "2460"]
[BlackElo "2601"]
[TimeControl "180+2"]
[EndTime "14:57:35 PST"]
[Termination "BilodeauA won by resignation"]

1. e4 c5 2. Nf3 Nc6 3. Nc3 Nf6 4. e5 Ng4 5. Qe2 Qc7 6. Nd5 Qb8 7.
d4 cxd4 8. Bf4 e6 9. h3 Nh6 10. Bxh6 gxh6 11. Nf6+ Kd8 12. O-O-O Be7 13. Qe4 d5 14.
Qf4 Qc7 15. Re1 Bd7 16. Qxh6 Nb4 17. Nxd4 Rc8 18. Qg7 Rf8 19. Kb1 Nxc2 20. Bb5 Bxb5 21. Nxb5 Qc4 22. Rc1 Qd3 23. Qxh7 Na3+ 24. Ka1 Rxc1+ 25.
Rxc1 Qxh7 26. Nxh7 Nxb5 27. Nxf8 Bxf8 28. h4 Nd4 29. h5 Bh6 30. Rd1 Nc6 31. Re1 d4 32.
Rd1 Ke7 33. g3 f6 34. exf6+ Kxf6 35. f4 Kf5 36. Re1 e5 37. fxe5 Nxe5 38. Kb1 d3 39. Rf1+ Ke4 40. b3 Ng4 41. Rf7 Ke3 42. Re7+ Kf2 43. Rxb7 d2 44. Rd7 Ke2 45. b4 d1=Q+ 46. Rxd1 Kxd1 47. b5 Bg7 48. a4 Bc3 0-1

[Event "***Titled Tuesday 3|2 Blitz"]
[Site "Chess.com"]
[Date "2017.02.07"]
[Round "8"]
[White "kikydu96"]
[Black "wnstop"]
[Result "0-1"]
[WhiteElo "2333"]
[BlackElo "2419"]
[TimeControl "180+2"]
[EndTime "14:57:38 PST"]
[Termination "wnstop won by resignation"]

1. e4 c5 2. Nf3 Nc6 3. Nc3 e5 4.
Bc4 Be7 5. O-O d6 6. d3 Nf6 7. h3 O-O 8. Nd5 Kh8 9. c3 Ng8 10. d4 cxd4 11. cxd4 f5 12. dxe5 fxe4 13. exd6 Bxd6 14.
Ng5 Ne5 15. Bb3 Bf5 16. Qd4 Nc6 17. Qd1 h6 18. Qh5 Qe8 19. Qh4 Qg6 20. f3 exf3 21.
Nxf3 Be4 22. Nf4 Qf5 23. Be6 Qc5+ 24. Kh1 Bxf4 25. Bxf4 Bxf3 26. Rxf3 Nd4 27. Rc3 Rxf4 28. Qxf4 Nxe6 29. Qf7 Qb6 30. Re1 Ng5 31. Qd7 Nf6 32. Qf5 Rf8 33. h4 Ngh7 34. Rb3 Qa6 35. Re6 Qxa2 36.
Rxb7 Qa1+ 37. Kh2 Qd1 38. Qg6 Qg4 39. Rxg7 Qxh4+ 40. Kg1 Rd8 41. Rxf6 Nxf6 42. Qg3 Rd1+ 43. Kf2 Ne4+ 0-1

[Event "***Titled Tuesday 3|2 Blitz"]
[Site "Chess.com"]
[Date "2017.02.07"]
[Round "8"]
[White "GMBenjaminBok"]
[Black "gmwesley_so"]
[Result "1-0"]
[WhiteElo "2651"]
[BlackElo "2739"]
[TimeControl "180+2"]
[EndTime "14:57:45 PST"]
[Termination "GMBenjaminBok won by resignation"]

1. e4 e5 2. Nf3 Nc6 3. Bc4 Bc5 4.
O-O Nf6 5. d3 a6 6. c3 Ba7 7. a4 d6 8. Na3 O-O 9. Nc2 d5 10. exd5 Nxd5 11. Re1 Bg4 12. h3 Bh5 13. Bg5 f6 14. Be3 Kh8 15. Bxa7 Rxa7 16. d4 Nf4 17.
Bf1 Ra8 18. g3 Qd5 19. Re3 Ne6 20. c4 Qd8 21. dxe5 Nxe5 22. Be2 Bxf3 23. Bxf3 Nxf3+ 24. Qxf3 Ng5 25. Qg4 Qd2 26. Re2 Qd3 27. Ne1 Qb3 28. Kg2 Rae8 29. Ra3 Qb6 30. Rae3 Rxe3 31. Rxe3 Qxb2 32.
h4 Nf7 33. Re7 Qb4 34. Rxc7 g6 35. Nf3 Qxa4 36. Qd4 Nh6 37. Qd6 Kg8 38. Qd5+ Rf7 39. Rxb7 Qe8 40. c5 Nf5 41. c6 Ne7 42. Qe6 Kg7 43.
Rd7 Qf8 44. c7 Qc8 45. Rxe7 1-0

[Event "***Titled Tuesday 3|2 Blitz"]
[Site "Chess.com"]
[Date "2017.02.07"]
[Round "8"]
[White "Pierrebl"]
[Black "stefanodinn"]
[Result "1-0"]
[WhiteElo "2408"]
[BlackElo "2238"]
[TimeControl "180+2"]
[EndTime "14:57:45 PST"]
[Termination "Pierrebl won on time"]

1. e4 c5 2. Nf3 d6 3. d4 cxd4 4. Nxd4 Nf6 5. Nc3 a6 6. h3 e6 7. g4 d5 8. exd5 Nxd5 9. Nde2 Bb4 10. Bg2 Nc6 11. O-O Nxc3 12. Qxd8+ Nxd8 13. Nxc3 Bd7 14. Ne4 Bc6 15. Rd1 Rc8 16. Bf4 O-O 17. Rd4 Be7 18.
Rad1 f6 19. Bd6 Kf7 20. c4 e5 21. R4d2 Ne6 22. Bxe7 Kxe7 23. Nd6 Rc7 24. Nf5+ Ke8 25. Bxc6+ bxc6 26. Rd6 Nf4 27. Rd8+ Kf7 28. R1d7+ Rxd7 29. Rxd7+ Ke8 30. Rxg7 Nxh3+ 31. Kf1 Ng5 32. Ra7 Ne4 33. Ke2 Rf7 34. Rxa6 Rc7 35. f3 Ng5 36. Ra8+ Kf7 37. b4 Ne6 38. Ke3 Rd7 39. c5 Kg6 40. Rg8+ Kf7 41.
Nh6+ Ke7 42. Rh8 Ng5 43. Nf5+ Ke6 44. Rc8 Kf7 45. a4 Rb7 46. Nd6+ 1-0

[Event "***Titled Tuesday 3|2 Blitz"]
[Site "Chess.com"]
[Date "2017.02.07"]
[Round "8"]
[White "jcibarra"]
[Black "E-Shaposhnikov"]
[Result "1-0"]
[WhiteElo "2650"]
[BlackElo "2742"]
[TimeControl "180+2"]
[EndTime "14:57:52 PST"]
[Termination "jcibarra won by resignation"]

1. e4 c5 2. Nf3 e6 3. d4 cxd4 4.
Nxd4 a6 5. c4 Nf6 6. Nc3 Bb4 7.
Qc2 Qc7 8. a3 Bc5 9. Nb3 Be7 10.
c5 d6 11. cxd6 Bxd6 12. Be2 Nc6 13. Be3 O-O 14. Rc1 Ne5 15. h3 Bd7 16. f4 Ng6 17. e5 Bxe5 18. fxe5 Qxe5 19. Kf2 Bc6 20. Bf3 Bxf3 21.
gxf3 Nh4 22. Ne4 Nf5 23. Nxf6+ Qxf6 24. h4 Qe5 25. Qe4 Qg3+ 26. Kf1 Rad8 27. Bf4 Qg6 28. h5 Ng3+ 29. Bxg3 Qxg3 30. h6 g6 31. Qe3 Rd5 32. Qf2 Qd6 33. Rh4 Qe7 34. Rhc4 Rdd8 35. Qh4 Qxh4 36.
Rxh4 Rd3 37. Rc3 Rd1+ 38. Ke2 Rb1 39. Rc2 b6 40. Nd2 Rg1 41. Ke3 g5 42. Rg4 Rxg4 43.
fxg4 f6 44. Rc7 Rf7 45. Rc8+ Rf8 46. Rc7 Rf7 47. Rc6 Re7 48. Rxb6 Kf7 49. Rxa6 Kg6 50.
Ne4 f5 51. gxf5+ Kxf5 52. Ra5+ e5 53. Ra6 Rb7 54. Nd6+ 1-0

[Event "***Titled Tuesday 3|2 Blitz"]
[Site "Chess.com"]
[Date "2017.02.07"]
[Round "8"]
[White "chessdude"]
[Black "SavelijTartakover"]
[Result "0-1"]
[WhiteElo "2436"]
[BlackElo "2541"]
[TimeControl "180+2"]
[EndTime "14:57:53 PST"]
[Termination "SavelijTartakover won by resignation"]

1. e4 c5 2. Nf3 d6 3. d4 cxd4 4. Nxd4 Nf6 5. Nc3 Nc6 6. Bg5 e6 7. Qd2 Be7 8. O-O-O O-O 9. f4 h6 10. h4 Nxd4 11. Qxd4 Qa5 12. Bc4 Rd8 13. Bb3 b5 14.
Kb1 b4 15. Ne2 Bb7 16. Ng3 Qb6 17. Qxb6 axb6 18. Bxf6 Bxf6 19. f5 Be5 20. Rd3 exf5 21.
exf5 Ra5 22. Rg1 Bxg3 23. Rxg3 Rxf5 24. Rg4 b5 25. g3 Re8 26. Rxb4 Re4 27. Rxe4 Bxe4 28.
Re1 d5 29. Kc1 Rf3 30. Rg1 g5 31. hxg5 hxg5 32. Kd2 Kg7 33. a3 f5 34. Ke2 g4 35. c3 Bd3+ 36. Kd2 Bc4 37. Bxc4 dxc4 38. Ke2 Kg6 39. Rg2 Kf6 40. Rg1 Ke5 41. Rg2 Ke4 42. Rg1 f4 43. gxf4 Kxf4 44. Rd1 Re3+ 45. Kf2 g3+ 46. Kg2 Re2+ 47. Kg1 Rxb2 48. Rd5 Kf3 49.
Rf5+ Ke4 50. Rg5 Kf4 51. Rc5 g2 52. a4 bxa4 53. Rc8 a3 54. Rf8+ Ke3 55. Re8+ Kd3 56. Ra8 a2 57. Ra3 Rb1+ 58. Kxg2 a1=Q 0-1

[Event "***Titled Tuesday 3|2 Blitz"]
[Site "Chess.com"]
[Date "2017.02.07"]
[Round "8"]
[White "PaulfromSPb"]
[Black "mrkvoz"]
[Result "0-1"]
[WhiteElo "2450"]
[BlackElo "2615"]
[TimeControl "180+2"]
[EndTime "14:57:58 PST"]
[Termination "mrkvoz won by resignation"]

1. e4 d5 2. exd5 Qxd5 3. Nc3 Qd6 4. d4 Nf6 5. g3 c6 6. Nf3 Bf5 7.
Bf4 Qb4 8. Qc1 e6 9. a3 Qa5 10. Bg2 Nbd7 11. O-O Be7 12. b4 Qd8 13. Nh4 Bg4 14.
h3 Bh5 15. g4 Nd5 16. Nxd5 cxd5 17. gxh5 Bxh4 18. h6 gxh6 19. Qe3 Bg5 20. c4 Rg8 21.
Kh1 Bxf4 22. Qxf4 Qf6 23. Qd6 Rd8 24. cxd5 Nb6 25. Qc7 Nxd5 26. Qxb7 Nf4 27. Qc6+ Kf8 28. Qc5+ Kg7 29. Qe5 Rxd4 30. Qxf6+ Kxf6 31. Rg1 Rd2 32. Bc6 Rc8 33. b5 Nxh3 34. Rgf1 Rcd8 35. a4 R8d4 36.
a5 Rc2 37. Bg2 Nf4 38. b6 Nxg2 39. b7 Rd8 40. Kxg2 a6 41. Rfc1 Rxc1 42. Rxc1 Rb8 43. Rc7 e5 44. Kg3 h5 45. Kh4 Kg6 46. Rc6+ f6 47. Rc7 h6 48. Rd7 e4 49. Re7 f5 50. Re6+ Kf7 51. Rb6 f4 52. Rb4 Kg6 53.
Rxe4 Rxb7 54. Re6+ Kf5 55. Rxa6 Rb2 56. Kxh5 Rxf2 57.
Kxh6 f3 58. Kg7 Ra2 59. Rf6+ Kg4 60. a6 f2 61. Kf7 Kg3 62. Ke8 Rxa6 63. Rxa6 f1=Q 64.
Rg6+ Kh4 65. Rh6+ Kg5 66. Re6 Qc4 67. Ke7 Kf5 68. Rf6+ Ke5 69. Rg6 Qc7+ 70. Kf8 Kf5 71. Rh6 Qd7 72. Kg8 Kg5 73. Rh7 Qe8+ 74. Kg7 Qe5+ 75. Kf7 Qf6+ 76. Kg8 Qe6+ 77. Kg7 Qe8 78. Rh8 Qe7+ 79. Kg8 Kg6 80. Rh6+ Kxh6 0-1

[Event "***Titled Tuesday 3|2 Blitz"]
[Site "Chess.com"]
[Date "2017.02.07"]
[Round "8"]
[White "pedromartinez91"]
[Black "Gergo85"]
[Result "1-0"]
[WhiteElo "2338"]
[BlackElo "2438"]
[TimeControl "180+2"]
[EndTime "14:57:59 PST"]
[Termination "pedromartinez91 won by resignation"]

1. d4 d5 2. Nf3 Nf6 3. g3 g6 4.
Bg2 Bg7 5. O-O O-O 6. c4 c6 7.
cxd5 cxd5 8. Nc3 Ne4 9. Qb3 Nc6 10. Be3 Na5 11. Qb4 Bf5 12. Nh4 Nxc3 13. bxc3 Be6 14. Bf4 Rc8 15. Nf3 b6 16. Ng5 Rc4 17. Qb2 Bc8 18. Nf3 Ba6 19. Rfc1 Rc8 20. Nd2 Qd7 21. Qa3 Rfe8 22. Nb3 Bxe2 23. Nxa5 bxa5 24. Qxa5 Bc4 25. Rab1 f6 26. Rb4 e5 27. Be3 Rb8 28. Rcb1 Rxb4 29. Rxb4 Bf8 30. Ra4 exd4 31. cxd4 Rb8 32. h3 Rb7 33.
Kh2 Be7 34. Rxc4 dxc4 35. Qd5+ Kg7 36. Qxb7 Qxb7 37. Bxb7 Ba3 38. Be4 f5 39. Bc2 Kf6 40.
Kg2 Ke6 41. Kf3 Kd5 42. g4 fxg4+ 43. hxg4 Bb2 44. Be4+ Ke6 45. Ke2 h5 46. Bxg6 hxg4 47. Bh7 c3 48. Kd3 a5 49. Be4 a4 50. Bf4 a3 51. d5+ Kf6 52. d6 Ke6 53. Bg3 c2 54. Kxc2 1-0

[Event "***Titled Tuesday 3|2 Blitz"]
[Site "Chess.com"]
[Date "2017.02.07"]
[Round "8"]
[White "RitvarsReimanis"]
[Black "ChristopherYoo"]
[Result "1-0"]
[WhiteElo "2392"]
[BlackElo "2111"]
[TimeControl "180+2"]
[EndTime "14:58:12 PST"]
[Termination "RitvarsReimanis won by resignation"]

1. d4 Nf6 2. c4 g6 3. f3 d5 4. cxd5 Nxd5 5. e4 Nb6 6. Nc3 Bg7 7. Be3 Nc6 8. Bb5 O-O 9. Nge2 a6 10.
Bxc6 bxc6 11. Qc2 a5 12. O-O Ba6 13. Rfd1 f5 14. e5 Bxe2 15. Nxe2 Nd5 16. Bf2 e6 17. Qxc6 Qc8 18. Rac1 Ra6 19. Qc4 Rb6 20. b3 Re8 21. Nc3 Nxc3 22. Qxc3 Rb5 23. Qxc7 Qxc7 24. Rxc7 Rd5 25.
f4 g5 26. g3 g4 27. Rc5 Red8 28. Rdc1 Bf8 29. Rxd5 Rxd5 30. Rc6 Kf7 31. Kf1 Be7 32.
Ke2 Bb4 33. Kd3 Ke7 34. Rc7+ Rd7 35. Rxd7+ Kxd7 36. Be3 Kc6 37. Bd2 Kd5 38. Bc3 h5 39. a3 Bxc3 40. Kxc3 Ke4 41. d5 Kxd5 42. b4 a4 43. Kd3 Kc6 44. Kc4 Kb6 45. b5 Ka5 46. Kc5 h4 47. Kd6 h3 48. Kxe6 Kxb5 49. Kxf5 Kc4 50.
e6 1-0

[Event "***Titled Tuesday 3|2 Blitz"]
[Site "Chess.com"]
[Date "2017.02.07"]
[Round "8"]
[White "JeremDev"]
[Black "pastouche06"]
[Result "0-1"]
[WhiteElo "2163"]
[BlackElo "2336"]
[TimeControl "180+2"]
[EndTime "14:58:13 PST"]
[Termination "pastouche06 won by resignation"]

1. e4 c6 2. d4 d5 3. Nc3 dxe4 4.
Nxe4 Bf5 5. Ng3 Bg6 6. h4 h6 7.
N1e2 e6 8. Nf4 Bh7 9. Bc4 Nf6 10. O-O Bd6 11. Ngh5 O-O 12. Re1 Nxh5 13. Nxh5 Qxh4 14.
g3 Qh3 15. Bf4 Bxf4 16. Nxf4 Qf5 17. Bd3 Qf6 18. Bc4 Kh8 19. c3 Nd7 20. Qh5 Nb6 21.
Bf1 Nd5 22. Nd3 Qg5 23. Qh2 Bxd3 24. Bxd3 Qd2 25. Rad1 Qxb2 26. Qg2 Qxc3 27. Qe4 Nf6 28. Qf4 Rad8 29. Bb1 Rd5 30. Kg2 Rh5 31. Re3 Qc4 32. Rde1 Qd5+ 33. f3 Rd8 34. g4 Rg5 35. Kf2 Qxd4 36.
Be4 Qb2+ 37. R1e2 Rd2 38. Kf1 Nxe4 39. Rxe4 Rxe2 40. Rxe2 Qb1+ 41. Kf2 Qg6 42. Qb8+ Kh7 43. Qxb7 h5 44. gxh5 Rg2+ 45. Ke3 Qg5+ 46. Kd3 Qd5+ 47. Ke3 Qe5+ 0-1

[Event "***Titled Tuesday 3|2 Blitz"]
[Site "Chess.com"]
[Date "2017.02.07"]
[Round "8"]
[White "vellottiwizard"]
[Black "AndrewDGreen"]
[Result "0-1"]
[WhiteElo "2507"]
[BlackElo "2184"]
[TimeControl "180+2"]
[EndTime "14:58:13 PST"]
[Termination "AndrewDGreen won by resignation"]

1. e4 Nf6 2. e5 Nd5 3. c4 Nb6 4.
d4 d6 5. exd6 exd6 6. Nc3 Be7 7.
Bd3 O-O 8. Nge2 Na6 9. a3 c6 10. O-O d5 11. c5 Nd7 12. Bf4 Bf6 13. b4 Nc7 14. Rb1 Ne6 15. Be3 b6 16. cxb6 axb6 17. b5 c5 18. Nxd5 cxd4 19. Bc1 Ndc5 20. Nxf6+ Qxf6 21. Ng3 Bb7 22. Bc4 Rfd8 23. Re1 d3 24. Bd2 Nf4 25. Qg4 Rd4 26. Bc3 Ne2+ 27. Nxe2 Rxg4 28. Bxf6 gxf6 29. Ng3 Rxc4 30. Rbd1 Rd4 31. Nf5 Rd7 32. f3 Kf8 33. Re3 Re8 34. Rxe8+ Kxe8 35. Kf2 Bd5 36. Re1+ Kf8 37. Ke3 Be6 38. Nd4 Bc4 39. Rd1 Bb3 40. Rd2 Bc4 41. Rd1 Be6 42. g4 Ra7 43. Ra1 Ra4 44. Rf1 Rxa3 45. Kf4 d2 46. Rd1 Rd3 47.
Nxe6+ fxe6 48. h4 Kf7 49. g5 e5+ 50. Kg4 Rd4+ 51. Kg3 Nb3 52. gxf6 Kxf6 53. h5 Na5 54. Kf2 Nc4 55. Ke2 Kf5 56. Rf1 Nb2 0-1

[Event "***Titled Tuesday 3|2 Blitz"]
[Site "Chess.com"]
[Date "2017.02.07"]
[Round "8"]
[White "biostatistician"]
[Black "RoelandPruijssers"]
[Result "0-1"]
[WhiteElo "2496"]
[BlackElo "2497"]
[TimeControl "180+2"]
[EndTime "14:58:17 PST"]
[Termination "RoelandPruijssers won by resignation"]

1. d4 f5 2. Bg5 h6 3. Bh4 g5 4. e4 Nf6 5. e5 e6 6. exf6 Qxf6 7.
Qh5+ Qf7 8. Qxf7+ Kxf7 9. Bg3 f4 10. Nc3 d5 11. O-O-O a6 12. Nf3 Bd6 13. Bd3 Nc6 14.
h4 g4 15. Ne5+ Bxe5 16. dxe5 fxg3 17. fxg3 Nxe5 18. Rhf1+ Kg7 19. Rde1 Nxd3+ 20. cxd3 Rf8 21. Rxf8 Kxf8 22. d4 Bd7 23. Kd2 b6 24. Ke3 c5 25.
Ne2 Ke7 26. Rf1 a5 27. Rf4 h5 28. Rf2 Rh8 29. Nf4 Kd6 30. Ng6 Rg8 31. Ne5 Rc8 32. Rf7 Be8 33. Rb7 cxd4+ 34. Kxd4 b5 35. Rb6+ Ke7 36. Ra6 a4 37. Nd3 Rc4+ 38. Ke3 e5 39.
Rh6 Re4+ 40. Kd2 d4 41. Nc5 Re3 42. Re6+ Kf7 43. Rb6 Rxg3 44. Ne4 Rxg2+ 45. Kd3 Ke7 46.
Ng5 Rxb2 47. Ke4 Re2+ 48. Kd5 d3 49. Rb7+ Bd7 50. Ne4 Rxe4 51. Kxe4 d2 0-1